 Dungeon Crawl Stone Soup version 0.20-a0-947-g2784f4f (webtiles) character file.

193 Hybris the Skirmisher (level 5, -5/34 HPs)
             Began as a Gargoyle Fighter on Apr 3, 2017.
             Was an Initiate of Qazlal.
             Killed by divine providence
             ... invoked by an orc priest
              (11 damage)
             ... on level 3 of the Dungeon.
             The game lasted 00:03:16 (1627 turns).

Hybris the Skirmisher (Gargoyle Fighter)            Turns: 1627, Time: 00:03:17

Health: -5/34      AC: 14    Str: 25    XL:     5   Next: 72%
Magic:  5/5        EV:  7    Int:  9    God:    Qazlal [......]
Gold:   92         SH:  9    Dex:  9    Spells: 4/4 levels left

rFire    . . .     SeeInvis .   a - +0 flail
rCold    . . .     Gourm    .   c - +0 shield
rNeg     + . .     Faith    .   b - +0 scale mail
rPois    ∞         Spirit   .   (no helmet)
rElec    +         Reflect  .   (no cloak)
rCorr    .         Harm     .   (no gloves)
MR       .....                  j - +2 pair of boots {run}
Stlth    ..........             (no amulet)
Regen    0.2/turn               (no ring)
MPRegen  0.1/turn               (no ring)

@: mighty, quick
A: negative energy resistance 1, electricity resistance, unbreathing,
petrification resistance, rot immunity, AC +4
a: Renounce Religion


You were on level 3 of the Dungeon.
You worshipped Qazlal.
Qazlal was noncommittal.
You were not hungry.

You visited 1 branch of the dungeon, and saw 3 of its levels.

You collected 92 gold pieces.

Inventory:

Hand Weapons
 a - a +0 flail (weapon)
Armour
 b - a +0 scale mail (worn)
 c - a +0 shield (worn)
 j - a +2 pair of boots of running (worn)
Jewellery
 h - an uncursed amulet of guardian spirit {unknown}
 q - a +2 ring of strength {unknown}
Scrolls
 k - 4 scrolls of fear {unknown}
 n - 3 scrolls of identify {unknown}
 r - a scroll of enchant armour {unknown}
 s - a scroll of random uselessness {unknown}
 t - a scroll of teleportation {unknown}
 u - a scroll of amnesia {unknown}
 v - a scroll of fog {unknown}
Potions
 e - a potion of haste {unknown}
 l - 2 potions of curing {unknown}
 m - a potion of flight {unknown}
 w - a potion of magic {unknown}
Comestibles
 f - a bread ration
 g - 2 meat rations
 i - 3 fruits
 o - a royal jelly


   Skills:
 + Level 4.8 Fighting
 * Level 4.7 Maces & Flails
 - Level 3.2 Armour
 - Level 3.2 Shields


You had 4 spell levels left.
You didn't know any spells.

Dungeon Overview and Level Annotations

Branches:
Dungeon (3/15)

Altars:
Fedhas
Qazlal
Xom


Innate Abilities, Weirdness & Mutations

You are resistant to torment.
Your stone body is resilient. (AC +4)
You are immune to poison.
You resist negative energy. (rN+)
You are resistant to electric shocks. (rElec)
You can survive without breathing.
You are immune to petrification.
You are immune to rotting.


Message History

You bludgeon the orc priest!!
You kill the orc priest!
Qazlal accepts your kill.
You hit the orc.
The orc is moderately wounded.
The orc hits you but does no damage.
The orc priest begins to cast a cantrip, but forgets the words!
You closely miss the orc.
The orc is moderately wounded.
You block the orc's attack.
You bludgeon the orc!!
You kill the orc!
Qazlal accepts your kill.
You barely miss the orc priest.
The orc priest hits you but does no damage.
You sock the orc priest!
The orc priest is severely wounded.
The orc priest mumbles some strange prayers to Beogh against you.
Beogh smites you!
You die...

#.# #.# #.# #.# #.# #.#
#.# #.# #.# #.# #.# #.#
#.#
####.#####.###########.#
#.....o@............##.#
.....#####...######.##.#
#.# ##>...........#
#..######.#### #..#
###.# ...# #...# ##.##
#..)# ... #...# #.#
##.##


You could see an orc priest.

Vanquished Creatures
  A necrophage (D:3)
  An orc priest (D:3)
  Ijyb (D:3)
  2 adders (D:2)
  An ooze (D:2)
  A worm (D:2)
  A leopard gecko (D:1)
  An orc (D:3)
  2 giant cockroaches (D:1)
  3 goblins
  3 hobgoblins
  8 bats
  A frilled lizard (D:2)
  3 kobolds (D:1)
29 creatures vanquished.

Notes
Turn   | Place    | Note
-------+----------+-------------------------------------------
     0 | D:1      | Hybris the Gargoyle Fighter began the quest for the Orb.
     0 | D:1      | Reached XP level 1. HP: 14/14 MP: 1/1
    39 | D:1      | Found a shimmering altar of Xom.
   404 | D:1      | Reached XP level 2. HP: 15/19 MP: 2/2
   424 | D:1      | Identified a +2 pair of boots of running (You found it on level 1 of the Dungeon)
   897 | D:2      | Found a stormy altar of Qazlal.
   907 | D:2      | Became a worshipper of Qazlal Stormbringer
   994 | D:2      | Reached XP level 3. HP: 23/24 MP: 3/3
  1189 | D:2      | Found a blossoming altar of Fedhas.
  1559 | D:3      | Noticed a necrophage
  1568 | D:3      | Killed a necrophage
  1568 | D:3      | Reached XP level 4. HP: 30/30 MP: 4/4
  1568 | D:3      | Reached XP level 5. HP: 34/34 MP: 5/5
  1603 | D:3      | Noticed Ijyb
  1618 | D:3      | Killed Ijyb
  1627 | D:3      | Killed from afar by an orc priest

Vault maps used:
D:1:      nagdon_arrival_zigzag_paths, xom_teletrap_fun
D:2:      nicolae_overflow_crystal_walls, grunt_qazlal_sundering
D:3:      fedhas_altar_1, uniq_jessica, uniq_iyjb

Skill      XL: |  1  2  3 |
---------------+----------+-----
Fighting       | 4 |  4.8
Maces & Flails | 4 |  4.7
Armour         | |  3.2
Shields        | |  3.2

Action                   |  1- 3 |  4- 6 || total
-------------------------+-------+-------++-------
Melee: Flail             |   126 |    20 ||   146
  Use: Potion            |       |     1 ||     1
  Eat: Chunk             |     2 |       ||     2
Armor: Scale mail        |    64 |     9 ||    73
Dodge: Dodged            |    39 |     2 ||    41
Block: Shield            |    85 |     6 ||    91
